 Dungeon Crawl Stone Soup version 0.31-a0-237-g2d982f9f85 (webtiles) character file.

Game seed: 13015830171286436460

123 qw the Shooter (level 4, -2/37 HPs)
             Began as a Minotaur Hexslinger on July 10, 2023.
             Succumbed to Sigmund's poison
             ... on level 4 of the Dungeon.
             The game lasted 00:00:59 (2294 turns).

qw the Shooter (Minotaur Hexslinger)                Turns: 2294, Time: 00:01:00

Health: -2/37      AC: 10    Str: 13    XL:     4   Next: 80%
Magic:  2/4        EV: 11    Int: 10    God:
Gold:   198        SH:  0    Dex: 14    Spells: 4/5 levels left

rFire   . . .        Y - +4 sling
rCold   . . .        (no shield)
rNeg    . . .        k - +0 ring mail
rPois   .            (helmet restricted)
rElec   .            (no cloak)
rCorr   .            f - +0 pair of gloves
SInv    .            (no boots)
Will    .....        b - amulet of guardian spirit
Stlth   +            j - +4 ring of protection
HPRegen 0.26/turn    (no ring)
MPRegen 0.09/turn

%: guardian spirit
@: lethally poisoned (-2 -> -27)
A: horns 2, retaliatory headbutt
a: no special abilities


You were on level 4 of the Dungeon.
You visited 1 branch of the dungeon, and saw 4 of its levels.

You collected 198 gold pieces.


Innate Abilities, Weirdness & Mutations

You have a pair of horns on your head.
You reflexively headbutt those who attack you in melee.


   Skills:
 - Level 2.9 Fighting
 - Level 5.0 Ranged Weapons
 + Level 0.0 Armour
 - Level 2.1 Dodging
 - Level 1.0 Spellcasting
 - Level 2.0 Hexes


You had 4 spell levels left.
You knew the following spells:

 Your Spells              Type           Power      Damage    Failure   Level
a - Slow                  Hex            16%        N/A       32%         1

Your spell library contained the following spells:

 Spells                   Type           Power      Damage    Failure   Level
 Inner Flame              Hex/Fire       2%         N/A       83%         3
 Portal Projectile        Hex/Tloc       4%         N/A       83%         3
 Cause Fear               Hex            2%         N/A       97%         4

Inventory:

Hand Weapons
 Y - a +4 sling (weapon)
Armour
 f - a +0 pair of gloves (worn)
 k - a +0 ring mail (worn)
Jewellery
 b - an amulet of guardian spirit (around neck)
 j - a +4 ring of protection (left hand)
Potions
 a - a potion of magic {unknown}
 g - a potion of haste {unknown}
 h - a potion of heal wounds {unknown}
 i - a potion of might

Dungeon Overview and Level Annotations

Branches:
Dungeon (4/15)
 Temple: D:4-7

Altars:
Hepliaklqana

Annotations:
D:4 Sigmund


Message History

Found a dagger.
You flicker for a moment.
Found a stone staircase leading up.
You flicker back into view.
Sigmund the Dreaded comes into view.
He is wielding a +0 scythe of venom.
Sigmund shouts!
You shoot a sling bullet. The sling bullet hits Sigmund!
Sigmund is moderately wounded.
Sigmund casts a spell at you.
You are confused.
2284 ||| DRINKING potion of curing.
You feel better.
2284 ||| (to cure confusion) Sigmund casts a spell.
Sigmund flickers and vanishes!
Deactivating autopickup; reactivate with Ctrl-A.
You shoot a sling bullet. You shoot a sling bullet. You shoot a sling bullet.
You shoot a sling bullet. Something hits you but does no damage.
You are poisoned.
You shoot a sling bullet.
You feel very sick. Something hits you.
You are more poisoned.
You shoot a sling bullet.
You feel very sick.
You shoot a sling bullet.
You feel very sick. Something hits you but does no damage.
You shoot a sling bullet.
You feel very sick. Something hits you!
You are lethally poisoned!
You shoot a sling bullet.
You feel extremely sick. Something hits you but does no damage.
You are more poisoned.
You shoot a sling bullet.
You die...

#.#.#.####.#
#######.#.#.##
#.#
............>#
#.#
#######.#.#..#
#.#
#.#.#..###.#
......<.....#
...####..####
..........#
.........@.#
..)........##
#######.# #.#
#.# #.# #.#
#.#


There were no monsters in sight!

Vanquished Creatures
  3 adders
  2 worms (D:2)
  2 dart slugs
  5 orcs (D:3)
  5 ball pythons
  13 bats
  7 endoplasms
  3 giant cockroaches
  4 goblins
  6 hobgoblins
  5 jackals
  2 quokkas (D:3)
  3 frilled lizards
  6 kobolds
  12 rats
78 creatures vanquished.

Notes
Turn   | Place    | Note
-------+----------+-------------------------------------------
     0 | D:1      | qw the Minotaur Hexslinger began the quest for the Orb.
     0 | D:1      | Reached XP level 1. HP: 16/16 MP: 1/1
     0 | D:1      | 0 ||| qw: Version: 0.3-a-52-g30416fa
     0 | D:1      | 0 ||| qw: Game counter: 5175
     0 | D:1      | 0 ||| qw: Melee chars always use a shield: true
     0 | D:1      | 0 ||| qw: God list: Okawaru
     0 | D:1      | 0 ||| qw: Allow faded altars: false
     0 | D:1      | 0 ||| qw: Do Orc after clearing Dungeon:15 true
     0 | D:1      | 0 ||| qw: Do second Lair branch before Depths: true
     0 | D:1      | 0 ||| qw: Lair rune preference: random
     0 | D:1      | 0 ||| qw: Goals: Normal
     0 | D:1      | 0 ||| PLANNING D:1-11
   157 | D:1      | Reached skill level 3 in Ranged Weapons
   167 | D:1      | Reached XP level 2. HP: 23/23 MP: 2/2
   647 | D:1      | Reached XP level 3. HP: 29/29 MP: 3/3
   726 | D:1      | 726 ||| DROPPING +6 ring of intelligence.
   727 | D:1      | 727 ||| READING scroll labelled JASTRI LYHEARELYN.
   728 | D:1      | 728 ||| READING scroll labelled TIEDERU MEICH.
   729 | D:1      | 729 ||| DRINKING 2 bubbling dark potions.
   730 | D:1      | 730 ||| DROPPING scroll of poison.
   913 | D:2      | Reached skill level 4 in Ranged Weapons
  1217 | D:2      | Reached XP level 4. HP: 36/36 MP: 4/4
  1487 | D:2      | 1487 ||| UPGRADING to +0 pair of gloves.
  1492 | D:2      | 1492 ||| UPGRADING to amulet of guardian spirit.
  1497 | D:2      | 1497 ||| READING 3 scrolls labelled ZOATEI MOENG.
  1498 | D:2      | 1498 ||| READING 2 scrolls of enchant weapon.
  1498 | D:2      | 1498 ||| ENCHANTING +2 sling.
  1499 | D:2      | 1499 ||| READING scroll of enchant weapon.
  1499 | D:2      | 1499 ||| ENCHANTING +3 sling.
  1500 | D:2      | 1500 ||| READING scroll labelled BILYOLAUTE.
  1501 | D:2      | 1501 ||| READING scroll labelled NIV KUROUMUN.
  1502 | D:2      | 1502 ||| DRINKING 2 bubbling black potions.
  1518 | D:2      | 1518 ||| DRINKING 2 ruby potions.
  1519 | D:2      | 1519 ||| DROPPING potion of lignification.
  1606 | D:3      | Found a hazy altar of Hepliaklqana.
  1768 | D:3      | Reached skill level 5 in Ranged Weapons
  2210 | D:3      | 2210 ||| UPGRADING to +0 ring mail.
  2220 | D:3      | 2220 ||| DROPPING +0 robe.
  2221 | D:3      | 2221 ||| UPGRADING to +4 ring of protection.
  2222 | D:3      | 2222 ||| DRINKING 2 smoky black potions.
  2223 | D:3      | 2223 ||| DROPPING potion of invisibility.
  2282 | D:4      | Noticed Sigmund
  2284 | D:4      | 2284 ||| DRINKING potion of curing.
  2284 | D:4      | 2284 ||| (to cure confusion)
  2293 | D:4      | HP: 5/37 [poisoned by Sigmund]
  2294 | D:4      | Succumbed to Sigmund's poison

Levels and vault maps discovered:
D:1:      lightli_iron_boxes, layout_loops_ring, supply_closet_lemuel,
          minmay_misc_feat_square
D:2:      layout_basic, chequers_serial_rivers_room_b, kennysheep_flooded_box
D:3:      layout_loops_cross, lemuel_crystal_altar,
          minmay_fractal_squares_gapless_5
D:4:      layout_basic, gammafunk_ghost_necromancy, uniq_duvessa, uniq_sigmund

Skill      XL: |  1  2  3  4 |
---------------+-------------+-----
Ranged Weapons | 3 4 5 |  5.0
Fighting       | 2 |  2.9
Dodging        | |  2.1
Spellcasting   | |  1.0
Hexes          | |  2.0

Action                     |  1- 3 |  4- 6 || total
---------------------------+-------+-------++-------
   Fire: Sling             |   140 |    75 ||   215
    Use: Scroll            |     2 |     5 ||     7
         Potion            |     1 |     4 ||     5
 Armour: Robe              |    11 |     2 ||    13
         Ring mail         |       |     3 ||     3
  Dodge: Dodged            |    35 |    12 ||    47

Table legend:
 A = Non-vault XP
 B = Vault XP
 C = Vault XP percentage of total XP
 D = Non-vault monster count
 E = Vault monster count
 F = Vault count percentage of total count
                 A         B        C        D         E       F
            +---------+---------+-------+---------+---------+-------
      Total |     165 |      12 |   6.8 |      73 |       5 |   6.4
            +---------+---------+-------+---------+---------+-------
        D:1 |      42 |       0 |   0.0 |      26 |       0 |   0.0
        D:2 |      63 |       0 |   0.0 |      26 |       0 |   0.0
        D:3 |      60 |      12 |  16.7 |      21 |       5 |  19.2
            +---------+---------+-------+---------+---------+-------
